 Dungeon Crawl Stone Soup version 0.29.1-12-g30fa7ad0bf (webtiles) character file.

Game seed: 3662352616072186172

911 fantasyman the Cudgeller (level 8, 0/62 HPs)
             Began as a Formicid Fighter on Dec 20, 2022.
             Was a Follower of Okawaru.
             Slain by a gnoll
             ... wielding a +0 flail
             ... led by a gnoll bouda
              (7 damage)
             ... on level 5 of the Dungeon.
             The game lasted 00:07:46 (6342 turns).

fantasyman the Cudgeller (Formicid Fighter)         Turns: 6342, Time: 00:07:46

Health: 0/62       AC:  8    Str: 22    XL:     8   Next: 30%
Magic:  8/8        EV:  9    Int:  9    God:    Okawaru [*.....]
Gold:   183        SH:  0    Dex: 17    Spells: 7/7 levels left

rFire   + + +      SeeInvis +   e - +3 giant spiked club "Grim Tooth" {elec, Drain +Blink rF++ Dex+4}
rCold   . . .      Faith    .   (shield currently unavailable)
rNeg    . . .      Spirit   .   b - +0 scale mail
rPois   .          Reflect  .   (helmet unavailable)
rElec   .          Harm     .   (no cloak)
rCorr   .          Rampage  .   c - +0 pair of gloves
Will    .....                   (no boots)
Stlth   ..........              (no amulet)
HPRegen 0.20/turn               j - ring of protection from fire
MPRegen 0.11/turn               (no ring)

@: no status effects
A: permanent stasis, dig shafts and tunnels, antennae 3, four strong arms
a: Dig, Shaft Self, Renounce Religion, Heroism


You were on level 5 of the Dungeon.
You worshipped Okawaru.
Okawaru was aware of your devotion.
You visited 2 branches of the dungeon, and saw 6 of its levels.

You collected 196 gold pieces.
You donated 13 gold pieces to Zin.

Inventory:

Hand Weapons
 e - the +3 giant spiked club "Grim Tooth" (weapon) {elec, Drain +Blink rF++ Dex+4}
   (You acquired it on level 4 of the Dungeon)

   It occasionally discharges a powerful burst of electricity upon striking a
   foe.
   Dex:       It affects your dexterity (+4).
   rF:        It greatly protects you from fire.
   +Blink:    It lets you blink.
   Drain:     It drains your maximum health when unequipped.
Missiles
 d - a throwing net
Armour
 b - a +0 scale mail (worn)
 c - a +0 pair of gloves (worn)
Jewellery
 j - a ring of protection from fire (left hand)
Scrolls
 a - a scroll of immolation {unknown}
 f - a scroll of fog {unknown}
 l - 4 scrolls of identify
 n - a scroll of amnesia
Potions
 g - a potion of brilliance
 h - a potion of curing
 i - a potion of lignification
 k - 2 potions of flight
 m - a potion of haste {unknown}


   Skills:
 + Level 5.0 Fighting
 + Level 6.6 Maces & Flails
 - Level 6.1 Armour
 - Level 5.0 Shields


You had 7 spell levels left.
You didn't know any spells.
Your spell library contained the following spells:

 Spells                   Type           Power      Damage    Failure   Level
 Anguish                  Hex/Necr       0%         N/A       100%        4
 Enfeeble                 Hex            0%         N/A       100%        7
 Orb of Destruction       Conj           0%         9d5       100%        7
 Summon Guardian Golem    Hex/Summ       Unusable   N/A       N/A         3
 Spellforged Servitor     Conj/Summ      Unusable   N/A       N/A         7

Dungeon Overview and Level Annotations

Branches:
Dungeon (5/15)             Temple (1/1) D:4

Altars:
Cheibriados
Dithmenos
Elyvilon
Fedhas
Gozag
Kikubaaqudgha
Makhleb
Okawaru
Qazlal
Ru
Trog
Uskayaw
Vehumet
Xom
Yredelemnul
Zin

Shops:
D:4 =


Innate Abilities, Weirdness & Mutations

You cannot be hasted, slowed, berserked, paralysed or teleported.
You can dig through walls and to a lower floor.
You have a pair of large antennae on your head. (SInv)
Your four strong arms can wield two-handed weapons with a shield.


Message History

The gnoll completely misses you. The gnoll hits you with a +0 flail.
The gnoll barely misses you.
You hit the gnoll but do no damage. The gnoll barely misses you.
The gnoll hits you with a +1 whip of pain.
The gnoll hits you with a +0 flail.
Unknown command.
You completely miss the gnoll. The gnoll misses you.
The gnoll hits you with a +0 flail.
The gnoll hits you with a +1 whip of pain.
Unknown command.
Unknown command.
You are too injured to fight recklessly!
Unknown command.
You are too injured to fight recklessly!
You closely miss the gnoll. The gnoll hits you but does no damage.
The gnoll barely misses you. The gnoll completely misses you.
You hit the gnoll.
The gnoll is lightly wounded.
The gnoll hits you with a +1 whip of pain.
* * * LOW HITPOINT WARNING * * *
The gnoll barely misses you. The gnoll hits you but does no damage.
You barely miss the gnoll. The gnoll closely misses you.
The gnoll hits you but does no damage. x2
You barely miss the gnoll.
The gnoll hits you with a +1 whip of pain.
* * * LOW HITPOINT WARNING * * *
The gnoll hits you but does no damage. The gnoll barely misses you.
You bludgeon the gnoll!! Lightning courses through the gnoll!
You kill the gnoll!
Okawaru accepts your kill. The gnoll closely misses you.
The gnoll hits you with a +0 flail.
* * * LOW HITPOINT WARNING * * *
Your Fighting skill increases to level 5!
You hit the gnoll.
The gnoll is heavily wounded.
The gnoll hits you but does no damage.
You barely miss the gnoll.
The gnoll is heavily wounded.
The gnoll is no longer moving quickly.
The gnoll hits you with a +0 flail!
You die...

##.## #.########g.##.#..#
##.# #.....g.r...##.#..#)#
##.# ##########............
##.# #### #..#.....#..# ##.#
#.. ...........#.. ##.#
#.#####...........
.#.#######.#####..#........
.#.#.....[.....)))..........
.....#####.#####@g#....##...
........................ ..
...#.#####.####..###....
.#.#.# #.# #..# ... .#.#.#
#.# #..# . .###.. ... #..#
.. ... #.# .... .# #.# ###
..### ...


You could see a gnoll.

Vanquished Creatures
  Grinder (D:3)
  Sigmund (D:3)
  A black bear (D:5)
  2 scorpions (D:4)
  A necrophage (D:2)
  A gnoll bouda (D:5)
  3 orc wizards
  3 gnolls
  4 adders
  A dart slug (D:1)
  14 orcs
  9 endoplasms
  4 giant cockroaches
  6 goblins
  8 hobgoblins
  6 jackals
  4 quokkas
  10 ball pythons
  10 bats
  5 frilled lizards
  10 kobolds
  6 rats
110 creatures vanquished.

Notes
Turn   | Place    | Note
-------+----------+-------------------------------------------
     0 | D:1      | fantasyman the Formicid Fighter began the quest for the
                  | Orb.
     0 | D:1      | Reached XP level 1. HP: 18/18 MP: 1/1
   144 | D:1      | Reached XP level 2. HP: 22/24 MP: 2/2
   666 | D:1      | Reached XP level 3. HP: 27/29 MP: 3/3
   963 | D:1      | Found a faded altar of an unknown god.
  1356 | D:2      | Found a glowing silver altar of Zin.
  1374 | D:2      | Became a worshipper of Zin the Law-Giver
  1437 | D:2      | Reached XP level 4. HP: 30/35 MP: 4/4
  1817 | D:2      | Noticed a necrophage
  1833 | D:2      | Killed a necrophage
  1834 | D:2      | Reached skill level 5 in Shields
  1834 | D:2      | Reached XP level 5. HP: 28/42 MP: 5/5
  2326 | D:3      | Noticed Sigmund
  2782 | D:3      | You fall into a shaft and drop 1 floor!
  2782 | D:4      | Found Cialot's Jewellery Emporium.
  2790 | D:4      | Reached * piety under Zin
  3216 | D:4      | Identified a scroll of acquirement
  3216 | D:4      | Acquired the +3 giant spiked club "Grim Tooth" {elec, Drain
                  | +Blink rF++ Dex+4}
  3248 | D:5      | Entered Level 5 of the Dungeon
  3311 | D:5      | Noticed a black bear
  3365 | D:4      | HP: 1/42 [gnoll/+0 flail[a gnoll bouda] (3)]
  3365 | D:4      | Zin protects you from harm!
  3851 | D:4      | Reached XP level 6. HP: 22/48 MP: 6/6
  4340 | D:3      | Noticed Grinder
  4364 | D:3      | Killed Grinder
  4365 | D:3      | Reached skill level 5 in Armour
  4365 | D:3      | Reached XP level 7. HP: 25/54 MP: 7/7
  4529 | D:4      | Reached skill level 5 in Maces & Flails
  5305 | D:4      | Found a staircase to the Ecumenical Temple.
  5311 | Temple   | Entered the Ecumenical Temple
  5409 | Temple   | Fell from the grace of Zin
  5409 | Temple   | Became a worshipper of Warmaster Okawaru
  5797 | D:3      | Killed Sigmund
  5798 | D:3      | Reached XP level 8. HP: 55/61 MP: 8/8
  6330 | D:5      | Reached * piety under Okawaru
  6341 | D:5      | Reached skill level 5 in Fighting
  6342 | D:5      | Slain by a gnoll

Illustrated notes

Levels and vault maps discovered:
D:1:      lemuel_arrival_rhombus, layout_rooms,
          nicolae_ecumenical_snake_handling
D:2:      layout_loops_ring, basic_altar, minmay_pentomino_z2
D:3:      layout_rooms, kennysheep_cross_room, uniq_sigmund, uniq_grinder
D:4:      layout_rooms, minmay_temple_entry_fiery, serial_shops,
          nicolae_shop_waterfront, kennysheep_generic_room_13
D:5:      layout_basic, uniq_ijyb, uniq_crazy_yiuf_cottage
Temple:   nicolae_temple_bog_church

Skill      XL: |  1  2  3  4  5  6  7  8 |
---------------+-------------------------+-----
Maces & Flails | 3 4 5 6 |  6.6
Armour         | 4 5 6 |  6.1
Shields        | 5 |  5.0
Fighting       | 4 5 |  5.0

Action                   |  1- 3 |  4- 6 |  7- 9 || total
-------------------------+-------+-------+-------++-------
Melee: Flail             |   131 |   103 |       ||   234
       Mace              |       |    45 |    42 ||    87
       Punch             |       |     1 |     1 ||     2
       Giant spiked club |       |       |    43 ||    43
 Abil: Dig               |       |     2 |       ||     2
  Use: Scroll            |       |     5 |     1 ||     6
       Potion            |       |     6 |       ||     6
Armor: Scale mail        |    71 |    79 |    47 ||   197
Dodge: Dodged            |    69 |    94 |    48 ||   211
Block: Buckler           |    44 |    43 |       ||    87
